 Dungeon Crawl Stone Soup version 0.21-a0-372-gd0ff781 (webtiles) character file.

2 Monsterracer the Grave Robber (level 1, 0/13 HPs)
             Began as a Gnoll Wanderer on Oct 16, 2017.
             Slain by a hobgoblin
             ... wielding a +0 club
              (1 damage)
             ... on level 1 of the Dungeon.
             The game lasted 00:00:45 (95 turns).

Monsterracer the Grave Robber (Gnoll Wanderer)        Turns: 95, Time: 00:00:45

Health: 0/13       AC:  2    Str: 14    XL:     1   Next: 40%
Magic:  6/6        EV: 11    Int: 14    God:
Gold:   11         SH:  0    Dex: 14    Spells: 8/9 levels left

rFire    . . .     SeeInvis .   e - +0 dagger
rCold    . . .     Gourm    .   (no shield)
rNeg     . . .     Faith    .   c - +0 robe
rPois    .         Spirit   .   (no helmet)
rElec    .         Reflect  .   (no cloak)
rCorr    .         Harm     .   (no gloves)
MR       .....                  (no boots)
Stlth    +.........             (no amulet)
HPRegen  0.04/turn              (no ring)
MPRegen  0.10/turn              (no ring)

@: no status effects
A: distributed training, fangs 1, strong nose
a: no special abilities


You were on level 1 of the Dungeon.
You were not hungry.

You visited 1 branch of the dungeon, and saw 1 of its levels.

You collected 11 gold pieces.

Inventory:

Hand Weapons
 e - a +0 dagger (weapon)
Armour
 c - a +0 robe (worn)
Books
 a - a book of Battle

   Spells                             Type                      Level
   a - Infusion                       Charms                       1
   b - Shroud of Golubria             Charms/Translocation         2
   c - Song of Slaying                Charms                       2
   d - Spectral Weapon                Hexes/Charms                 3
   e - Regeneration                   Charms/Necromancy            3
 b - the Papyrus of Conjuration

   Spells                             Type                      Level
   a - Throw Flame                    Conjuration/Fire             2
   b - Throw Frost                    Conjuration/Ice              2
Comestibles
 f - a bread ration


   Skills:
 + Level 0.0 Fighting
 + Level 0.0 Short Blades
 + Level 0.0 Long Blades
 + Level 0.0 Axes
 + Level 0.0 Maces & Flails
 + Level 0.0 Polearms
 + Level 0.0 Staves
 + Level 0.0 Slings
 + Level 0.0 Bows
 + Level 0.0 Crossbows
 + Level 2.3 Throwing
 + Level 0.0 Armour
 + Level 0.0 Dodging
 + Level 0.0 Stealth
 + Level 2.3 Shields
 + Level 0.0 Unarmed Combat
 + Level 4.8 Spellcasting
 + Level 0.0 Conjurations
 + Level 0.0 Hexes
 + Level 1.9 Charms
 + Level 3.6 Summonings
 + Level 5.3 Necromancy
 + Level 0.0 Translocations
 + Level 0.0 Transmutations
 + Level 0.0 Fire Magic
 + Level 0.0 Ice Magic
 + Level 0.0 Air Magic
 + Level 0.0 Earth Magic
 + Level 0.0 Poison Magic
 + Level 0.1 Invocations
 + Level 0.0 Evocations


You had 8 spell levels left.
You knew the following spells:

 Your Spells              Type           Power        Failure   Level  Hunger
a - Infusion              Chrm           #...         8%          1    None


Dungeon Overview and Level Annotations

Branches:
Dungeon (1/15)

Altars:


Innate Abilities, Weirdness & Mutations

Your experience applies equally to all skills.
You have very sharp teeth.
Your uncanny sense of smell can sniff out nearby items.


Message History

Okay, then.
A goblin and a hobgoblin come into view.
The goblin shouts! x2; You hear an angry hiss.
You hear a shout!
Found 13 gold pieces.
Found a leather armour.
You miss the goblin. The goblin hits you with a dagger.
Damage: -7%(-1hp) hp: 93%(12hp)
You hit the goblin but do no damage. Your bite misses the goblin.
The goblin hits you with a dagger.
Damage: -8%(-1hp) hp: 85%(11hp)
The goblin hits you with a dagger.
Huge Dmg: -31%(-4hp) hp: 54%(7hp)
The goblin hits you with a club.
* * * LOW HITPOINT WARNING * * *
Huge Dmg: -46%(-6hp) hp: 8%(1hp)
You see here a bat corpse.
There is an open door here.
You open the door.
Found a robe.
A hobgoblin comes into view. It is wielding a club.
Found a yellow potion.
There is an open door here.
The hobgoblin shouts!
A rat comes into view.
You closely miss the rat. You bite the rat, but do no damage.
The goblin barely misses you. The rat bites you.
* * * LOW HITPOINT WARNING * * *
The hobgoblin hits you with a club.
You die...

.. .. . #. ####+####
. #. #.......# #.#
#.8.8.8.### ..
###.......#.### #.
##.g.8g<.8.'....
##r##..#.......####†
#..@gg.#.8.8.8.# #.
#..g...#.......# ##
#[.....####+####
#.......# #.........
#!......###
#########


You could see 2 hobgoblins, 2 goblins and a rat.

Vanquished Creatures
  A bat (D:1)
  A ball python (D:1)
  A rat (D:1)
3 creatures vanquished.

Notes
Turn   | Place    | Note
-------+----------+-------------------------------------------
     0 | D:1      | Monsterracer the Gnoll Wanderer began the quest for the Orb.
     0 | D:1      | Monsterracer set off with: a book of Battle, the Papyrus of Conjuration, a +0 robe, a +0 club, a bread ration
     0 | D:1      | Reached XP level 1. HP: 13/13 MP: 6/6
     0 | D:1      | Identified the Papyrus of Conjuration
     2 | D:1      | Learned a level 1 spell: Infusion
    95 | D:1      | Slain by a hobgoblin

Vault maps used:
D:1:      doesnt_arrival_eight_statues, serial_glass, glass_columns_a,
          glass_columns_c

Action                   || total
-------------------------++-------
Melee: Club              ||     5
       Dagger            ||     5
       Bite              ||     2
 Cast: Infusion          ||     1
Armor: Robe              ||     3
Dodge: Dodged            ||    14

Table legend:
 A = Spawn XP
 B = Non-spawn XP
 C = Spawn XP percentage of total XP
 D = Spawn monster count
 E = Non-spawn monster count
 F = Spawn count percentage of total count
 G = Total turns spent on level
                    A         B        C        D         E        F      G
               +---------+---------+-------+---------+---------+-------+---------
         Total |       0 |       4 |   0.0 |       0 |       3 |   0.0 |    95
               +---------+---------+-------+---------+---------+-------+---------
           D:1 |       0 |       4 |   0.0 |       0 |       3 |   0.0 |    95
               +---------+---------+-------+---------+---------+-------+---------

Vault maps used:
D:1:      doesnt_arrival_eight_statues, serial_glass, glass_columns_a,
          glass_columns_c
